 Dungeon Crawl Stone Soup version 0.26-a0-540-g8a0c9464d7 (webtiles) character file.

Game seed: 18428270459556879803

2984 HoaS the Grappler (level 9, -8/80 HPs)
             Began as a Troll Monk on Aug 18, 2020.
             Was a High Priest of Makhleb.
             Mangled by a seven-headed hydra (9 damage)
             ... on level 7 of the Dungeon.
             The game lasted 00:11:17 (4900 turns).

HoaS the Grappler (Troll Monk)                      Turns: 4900, Time: 00:11:17

Health: -8/80      AC:  6    Str: 21    XL:     9   Next: 53%
Magic:  8/8        EV: 14    Int:  6    God:    Makhleb [*****.]
Gold:   254        SH:  0    Dex: 15    Spells: 8/8 levels left

rFire    . . .     SeeInvis .     - Unarmed
rCold    + . .     Faith    .   (no shield)
rNeg     . . .     Spirit   .   a - +0 robe
rPois    .         Reflect  .   n - +0 hat
rElec    .         Harm     .   (no cloak)
rCorr    .                      (gloves unavailable)
MR       .....                  (boots unavailable)
Stlth    ++........             b - amulet of the acrobat
HPRegen  0.63/turn              g - ring of protection from cold
MPRegen  0.11/turn              (no ring)

@: mighty
A: large, unfitting armour, claws 3, regeneration 1, shaggy fur 1, tough skin 3
a: Minor Destruction, Lesser Servant of Makhleb, Major Destruction, Greater
Servant of Makhleb, Renounce Religion


You were on level 7 of the Dungeon.
You worshipped Makhleb.
Makhleb was extremely pleased with you.
You visited 1 branch of the dungeon, and saw 8 of its levels.

You collected 254 gold pieces.

Inventory:

Armour
 a - a +0 robe (worn)
 n - a +0 hat (worn)
Jewellery
 b - an amulet of the acrobat (around neck)
 g - a ring of protection from cold (left claw)
 p - an uncursed ring of flight {unknown}
Scrolls
 h - 2 scrolls of remove curse
 j - a scroll of magic mapping
 k - a scroll of identify
 o - 2 scrolls of blinking
Potions
 c - a potion of berserk rage
 e - 3 potions of flight
 f - a potion of brilliance {unknown}
 i - 3 potions of invisibility
 l - 2 potions of curing
 m - a potion of resistance {unknown}


   Skills:
 - Level 2.4 Fighting
 + Level 6.9 Dodging
 - Level 1.0 Stealth
 * Level 11.2 Unarmed Combat


You had 8 spell levels left.
You didn't know any spells.
Your spell library contained the following spells:

 Spells                   Type           Power        Failure   Level
 Magic Dart               Conj           #...         45%         1
 Searing Ray              Conj           #.....       58%         2
 Dazzling Flash           Conj/Hex       #.....       83%         3
 Fulminant Prism          Conj/Hex       #.........   99%         4
 Iskenderun's Mystic Bla  Conj/Tloc      #.......     99%         4


Dungeon Overview and Level Annotations

Branches:
Dungeon (8/15)             Temple (0/1) D:6
   Lair: D:8-11

Altars:
Dithmenos
Fedhas
Gozag
Makhleb
Nemelex Xobeh
Qazlal
Sif Muna

Shops:
D:5 *


Innate Abilities, Weirdness & Mutations

You are too large for most types of armour.
You have claws for hands.
Your natural rate of healing is unusually fast.
You are covered in fur. (AC +1)
You have extremely tough skin. (AC +3)


Message History

The six-headed hydra bites you!
The six-headed hydra bites you but does no damage.
The six-headed hydra bites you. The six-headed hydra bites you! x2
The six-headed hydra bites you but does no damage.
You barely miss the six-headed hydra.
You claw one of the six-headed hydra's heads off!
The five-headed hydra grows two more!
You mangle the seven-headed hydra!!
The seven-headed hydra is heavily wounded.
The seven-headed hydra bites you!
* * * LOW HITPOINT WARNING * * *
The seven-headed hydra completely misses you.
The seven-headed hydra bites you!
* * * LOW HITPOINT WARNING * * *
The seven-headed hydra bites you but does no damage. x2
The seven-headed hydra closely misses you.
The seven-headed hydra bites you but does no damage.
You barely miss the seven-headed hydra.
The seven-headed hydra is heavily wounded.
The seven-headed hydra bites you!
You die...

....# ###.#### ..(####......#
##...###.....## .......##.....##
#....).#....#..#
#.....#....##..######
#....###............# .....#
#...####..D..#
.....###..#..##.@...######
..........#.......##...#.##
...................#......######
.......)......###.....#....#...##
.......[......# ####..##........#
....)......#..#### #............#
##...............# ##(.#..###..##
.#...............# #.##...#####
..............#..####..#....##


You could see a seven-headed hydra.

Vanquished Creatures
  Pikel (D:6)
  Eustachio (D:6)
  Menkaure (D:5)
  Duvessa (D:6)
  2 phantoms
  2 centaurs
  4 ogres
  3 bullfrogs
  A wyvern zombie (D:6)
  Dowan (D:6)
  2 scorpions
  3 howler monkeys
  A centaur zombie (D:7)
  4 bullfrog skeletons
  4 hounds
  7 orc wizards
  2 orc priests
  Terence (D:2)
  An iguana (D:4)
  5 worker ants
  A hound zombie (D:6)
  A hound skeleton (D:6)
  Robin (D:2)
  9 adders
  A shadow imp (D:2)
  A white imp (D:5)
  2 ufetubi
  2 oozes
  An adder zombie (D:5)
  4 adder skeletons
  3 worms (D:3)
  A dart slug (D:1)
  8 leopard geckos
  19 orcs
  7 bats
  6 giant cockroaches
  17 goblins
  11 hobgoblins
  2 jackals (D:5)
  4 quokkas
  4 ball pythons
  A ball python skeleton (D:4)
  4 frilled lizards
  6 kobolds
  2 leopard gecko zombies
  8 rats
173 creatures vanquished.

Notes
Turn   | Place    | Note
-------+----------+-------------------------------------------
     0 | D:1      | HoaS the Troll Monk began the quest for the Orb.
     0 | D:1      | Reached XP level 1. HP: 22/22 MP: 0/0
   115 | D:1      | Reached XP level 2. HP: 29/29 MP: 1/1
   280 | D:1      | Found a sparkling altar of Nemelex Xobeh.
   463 | D:1      | Reached XP level 3. HP: 36/36 MP: 2/2
   483 | D:1      | You fall into a shaft and drop 1 floor!
   623 | D:1      | Reached skill level 4 in Unarmed Combat
   848 | D:2      | Noticed Terence
   868 | D:2      | Killed Terence
   868 | D:2      | Reached XP level 4. HP: 44/44 MP: 3/3
   877 | D:2      | Found a burning altar of Makhleb.
   888 | D:2      | Became a worshipper of Makhleb the Destroyer
   888 | D:2      | Reached * piety under Makhleb
   888 | D:2      | Reached ** piety under Makhleb
   910 | D:2      | Noticed Robin
   957 | D:2      | Killed Robin
  1079 | D:2      | Reached skill level 5 in Unarmed Combat
  1092 | D:2      | Reached XP level 5. HP: 50/50 MP: 4/4
  1528 | D:3      | Reached *** piety under Makhleb
  2027 | D:4      | Reached XP level 6. HP: 56/59 MP: 5/5
  2068 | D:4      | Reached skill level 6 in Unarmed Combat
  2522 | D:4      | Reached XP level 7. HP: 66/66 MP: 6/6
  2704 | D:5      | Entered Level 5 of the Dungeon
  2704 | D:5      | Noticed Menkaure
  2719 | D:5      | Killed Menkaure
  2719 | D:5      | Reached skill level 7 in Unarmed Combat
  2931 | D:5      | Found a blossoming altar of Fedhas.
  2967 | D:5      | Found Gaolaosotz's Lightly-Used Armoury.
  3107 | D:5      | Reached **** piety under Makhleb
  3162 | D:5      | Found an opulent altar of Gozag.
  3166 | D:5      | Reached skill level 8 in Unarmed Combat
  3203 | D:5      | Reached skill level 5 in Dodging
  3360 | D:5      | Found a stormy altar of Qazlal.
  3583 | D:6      | Reached XP level 8. HP: 67/74 MP: 7/7
  3729 | D:6      | Noticed Pikel
  3735 | D:6      | Killed Pikel
  3735 | D:6      | Reached skill level 9 in Unarmed Combat
  3810 | D:6      | Found a shadowy altar of Dithmenos.
  3880 | D:6      | Found a staircase to the Ecumenical Temple.
  3972 | D:6      | Noticed Dowan
  3973 | D:6      | Noticed Duvessa
  3980 | D:6      | Killed Duvessa
  4000 | D:6      | Killed Dowan
  4000 | D:6      | Reached skill level 10 in Unarmed Combat
  4011 | D:6      | Noticed Eustachio
  4027 | D:6      | Killed Eustachio
  4027 | D:6      | Reached XP level 9. HP: 72/80 MP: 8/8
  4489 | D:7      | Reached ***** piety under Makhleb
  4554 | D:7      | Reached skill level 11 in Unarmed Combat
  4687 | D:7      | Found a shimmering blue altar of Sif Muna.
  4883 | D:8      | Noticed a six-headed hydra
  4889 | D:8      | Noticed a two-headed ogre
  4899 | D:7      | HP: 1/80 [seven-headed hydra (16)]
  4900 | D:7      | Mangled by a seven-headed hydra

Illustrated notes

Levels and vault maps discovered:
D:1:      dpeg_arrival_radiant, layout_basic, nemelex_altar_shiori
D:2:      layout_rooms, makhleb_grotto_becter, uniq_robin, uniq_terence
D:3:      layout_basic, serial_glass, glass_columns_a, glass_columns_a
D:4:      layout_loops_corners, serial_bayou_pond_c
D:5:      layout_cave_pods, fedhas_ov_isle_minmay, old_standard_altar,
          marbit_many_paths, minmay_shop_damaged, uniq_menkaure
D:6:      layout_basic, nicolae_dithmenos_the_darkroom,
          minmay_temple_entry_from_below_a, uniq_pikel, uniq_eustachio,
          uniq_duvessa
D:7:      layout_cave_pools, lemuel_doored_altar
D:8:      minmay_cut_squares, layout_basic, serial_shops, kennysheep_mini,
          nicolae_shop_stone, shop, uniq_psyche

Skill      XL: |  1  2  3  4  5  6  7  8  9 |
---------------+----------------------------+-----
Unarmed Combat | 4 5 6 8 10 11 | 11.2
Dodging        | 3 4 5 6 |  6.9
Fighting       | |  2.4
Stealth        | |  1.0

Action                   |  1- 3 |  4- 6 |  7- 9 || total
-------------------------+-------+-------+-------++-------
Melee: Unarmed           |    99 |   150 |   260 ||   509
       Punch             |       |     3 |    14 ||    17
  Use: Scroll            |     4 |     3 |     8 ||    15
       Potion            |       |       |     1 ||     1
 Stab: Sleeping          |     5 |     4 |       ||     9
Armor: Robe              |    37 |    40 |    65 ||   142
Dodge: Dodged            |    79 |    86 |   174 ||   339

Table legend: (Time is in decaauts)
 A = Elapsed time spent in this place.
 B = Non-inter-level travel time spent in this place.
 C = Inter-level travel time spent in this place.
 D = Time resting spent in this place.
 E = Time spent auto-exploring this place.
 F = Levels seen in this place.
 G = Mean time per level.
                   A        B        C        D        E       F      G
               +--------+--------+--------+--------+--------+-----+--------+
         Total |   4835 |   4560 |    275 |     75 |   3392 |   8 |  604.4 |
       Dungeon |   4835 |   4560 |    275 |     75 |   3392 |   8 |  604.4 |
               +--------+--------+--------+--------+--------+-----+--------+

Top non-repeatable levels by time:
     D:5: 859 daAuts
     D:4: 835 daAuts
     D:1: 786 daAuts
     D:6: 680 daAuts
     D:3: 636 daAuts
     D:7: 578 daAuts
     D:2: 427 daAuts
     D:8: 31 daAuts
